 Dungeon Crawl Stone Soup version 0.30.1 (webtiles) character file.

Game seed: 8812460243887672862

5426 Wiggles the Cleaver (level 10, -1/120 (121) HPs)
             Began as a Minotaur Berserker on July 12, 2023.
             Was a High Priest of Trog.
             Slain by a wight
             ... wielding a +2 long sword of freezing
              (4 damage)
             ... on level 9 of the Dungeon.
             The game lasted 00:13:35 (7160 turns).

Wiggles the Cleaver (Minotaur Berserker)            Turns: 7160, Time: 00:13:36

HP:   -1/120 (121)  AC: 25    Str: 25    XL:     10   Next: 40%
MP:   9/9           EV:  2    Int:  4    God:    Trog [*****.]
Gold: 429           SH: 10    Dex: 11    Spells: 9/9 levels left

rFire   . . .        a - +0 hand axe (venom)
rCold   . . .        r - +0 kite shield
rNeg    . . .        q - melded +1 plate armour
rPois   +            (helmet currently unavailable)
rElec   .            (cloak currently unavailable)
rCorr   .            n - melded +0 pair of gloves
SInv    .            (boots currently unavailable)
Will    .....        (no amulet)
Stlth   +            i - ring of flight
HPRegen 0.40/turn    t - ring of poison resistance
MPRegen 0.11/turn

%: no passive effects
@: tree-form, on berserk cooldown, slowed, lightly drained, very slow
A: stationary, stasis, torment immunity, boosted hp, (horns 2), (retaliatory
headbutt)
a: Renounce Religion, Berserk, Trog's Hand, Brothers in Arms


You were on level 9 of the Dungeon.
You worshipped Trog.
Trog was extremely pleased with you.
You were a tree.
You visited 1 branch of the dungeon, and saw 9 of its levels.

You collected 453 gold pieces.
You spent 24 gold pieces at shops.

Inventory:

Hand Weapons
 a - a +0 hand axe of venom (weapon)
Missiles
 e - 8 boomerangs (quivered)
Armour
 n - a +0 pair of gloves (melded)
 q - a +1 plate armour (melded)
 r - a +0 kite shield (worn)
 w - a +1 cloak
Jewellery
 i - a ring of flight (left branch)
 t - a ring of poison resistance (right branch)
Wands
 h - a wand of flame (24)
 k - a wand of polymorph (3)
 v - a wand of paralysis (5)
Scrolls
 f - 9 scrolls of teleportation
 g - a scroll of noise {unknown}
 p - a scroll of silence
Potions
 b - 4 potions of lignification
 d - a potion of haste
 j - 2 potions of flight {unknown}
 l - a potion of invisibility {unknown}
 m - a potion of mutation {unknown}
 o - a potion of degeneration {unknown}
 s - a potion of might {unknown}
 u - a potion of attraction {unknown}


   Skills:
 - Level 5.4 Fighting
 + Level 14.9 Axes
 + Level 2.7 Throwing
 - Level 4.9 Armour
 - Level 3.3 Dodging
 - Level 0.4 Stealth
 + Level 8.1 Shields
 + Level 1.1 Evocations


You had 9 spell levels left.
You didn't know any spells.
Your spell library was empty.

Dungeon Overview and Level Annotations

Branches:
Dungeon (9/15)             Temple (0/1) D:7
   Lair: D:8-11         Orc: D:9-12

Altars:
Cheibriados
Fedhas
Kikubaaqudgha
Ru
Sif Muna
Xom
The Shining One

Shops:
D:3 *   D:4 :   D:5 [   D:6 *   D:7 ?


Innate Abilities, Weirdness & Mutations

You are a tree.
Your roots penetrate the ground, keeping you stationary.
You cannot be teleported.
You are immune to unholy pain and torment.
Your maximum health is greatly increased.
Your equipment is partially melded.
((You have a pair of horns on your head.))
((You reflexively headbutt those who attack you in melee.))


Message History

You feel better. The wight hits you with a +0 spear.
* * * LOW HITPOINT WARNING * * *
You feel drained. You block the wight's attack.
You block the salamander's attack. The wight barely misses you.
You block the wight's attack.
You feel better. The salamander completely misses you.
An orc comes into view. It is wielding a +0 whip.
You block the wight's attack. x2; The salamander barely misses you.
The orc shouts!
You slash the salamander!
The salamander looks as sick as possible!
The salamander is moderately wounded.
You hit the wight but do no damage. You hit the wight.
The wight barely misses you. You furiously retaliate!
You headbutt the wight.
You destroy the wight!
Trog accepts your kill. The wight barely misses you. The salamander hits you.
* * * LOW HITPOINT WARNING * * *
You are engulfed in flames!
* * * LOW HITPOINT WARNING * * *
Really quaff the potion of lignification?
You turn into a tree.
Your +0 pair of gloves melds into your body.
Your +1 plate armour melds into your body.
Your roots penetrate the ground.
You block the wight's attack.
The salamander hits you but does no damage.
The orc wizard gestures wildly while chanting.
The orc wizard flickers and vanishes!
Deactivating autopickup; reactivate with Ctrl-A.
A deep elf pyromancer comes into view. It is wielding a +0 long sword.
The wight hits you with a +2 long sword of freezing!
* * * LOW HITPOINT WARNING * * *
The wight freezes you.
* * * LOW HITPOINT WARNING * * *
You hit the salamander but do no damage.
The salamander looks as sick as possible!
The salamander is heavily wounded.
You hit the wight but do no damage.
The salamander changes into a troll!
The wight hits you with a +2 long sword of freezing.
You die...

#.# #. .... #.#
#.####.... #.#
#.#.....>##.
########.####. .........
...........##. ..#....#
†#######.#.##.##......
†# #..........##...#
.###.###.#.###.#ozo##...
.........#.##.#.♣TW.....
.###.........##))#{z..#.
.# #........#.#..#......
.# #######.#.#.#.# .....
.. ........##.#..# .....
## ###########.#.# ...e
#.#.# ###. # ... ....


You could see a deep elf pyromancer, a troll shaped shifter, a wraith, 2 wights,
an orc wizard and an orc.

Vanquished Creatures
  2 centaur warriors (D:9)
  Prince Ribbit (D:5)
  A hornet (D:8)
  Sigmund (D:5)
  4 yaks (D:9)
  2 wyverns
  A steam dragon (D:8)
  Edmund (D:5)
  A water moccasin (D:8)
  2 ice beasts
  2 sky beasts
  A black bear (D:7)
  A centaur (D:9)
  A kobold brigand (D:7)
  Blork the orc (D:4)
  3 bullfrogs
  3 scorpions
  8 wights
  A howler monkey (D:5)
  3 electric eels (D:8)
  3 hounds
  4 orc priests
  4 iguanas
  11 orc wizards
  3 sleepcaps
  2 gnolls (D:1)
  7 adders
  A shadow imp (D:7)
  3 white imps
  3 ufetubi
  4 worms
  4 dart slugs
  27 orcs
  6 endoplasms
  2 giant cockroaches
  3 goblins
  7 hobgoblins
  7 jackals (D:1)
  9 kobolds
  2 quokkas
  4 ball pythons
  3 bats
  4 frilled lizards
  4 hobgoblin zombies (D:6)
  2 kobold skeletons (D:6)
  2 kobold zombies (D:6)
  An orc zombie (D:6)
  3 rats (D:1)
175 creatures vanquished.

Notes
Turn   | Place    | Note
-------+----------+-------------------------------------------
     0 | D:1      | Wiggles the Minotaur Berserker began the quest for the Orb.
     0 | D:1      | Reached XP level 1. HP: 19/19 MP: 0/0
    93 | D:1      | Reached skill level 4 in Axes
    93 | D:1      | Reached XP level 2. HP: 22/27 MP: 1/1
   338 | D:1      | Reached XP level 3. HP: 33/33 MP: 2/2
   553 | D:1      | Reached ** piety under Trog
   692 | D:2      | Reached skill level 5 in Axes
   712 | D:2      | Reached XP level 4. HP: 37/41 MP: 3/3
  1177 | D:2      | Found a faded altar of an unknown god.
  1461 | D:3      | Noticed a scorpion
  1475 | D:3      | Killed a scorpion
  1476 | D:3      | Reached XP level 5. HP: 38/47 MP: 4/4
  1721 | D:3      | Found Heahofaz's General Store.
  1725 | D:3      | Bought a scroll of identify for 24 gold pieces
  1841 | D:3      | Reached skill level 6 in Axes
  1949 | D:3      | Found a blossoming altar of Fedhas.
  1949 | D:3      | Found a shimmering blue altar of Sif Muna.
  2115 | D:4      | Noticed Blork the orc
  2127 | D:4      | Killed Blork the orc
  2128 | D:4      | Reached skill level 5 in Fighting
  2128 | D:4      | Reached XP level 6. HP: 56/56 MP: 5/5
  2158 | D:4      | Noticed a sky beast
  2160 | D:4      | Reached *** piety under Trog
  2168 | D:4      | Killed a sky beast
  2270 | D:4      | Noticed a wyvern
  2280 | D:4      | Killed a wyvern
  2281 | D:4      | Reached skill level 7 in Axes
  2281 | D:4      | Reached XP level 7. HP: 52/61 MP: 6/6
  2554 | D:4      | Identified the +2 robe of Symaejy {rCorr Str+4 Int-3
                  | Archmagi}
  2715 | D:4      | Found Ryaf's Book Shop.
  2844 | D:5      | Entered Level 5 of the Dungeon
  2961 | D:5      | Noticed Edmund
  2977 | D:5      | Killed Edmund
  2978 | D:5      | Reached skill level 8 in Axes
  3221 | D:5      | Noticed Prince Ribbit
  3235 | D:5      | Killed Prince Ribbit
  3236 | D:5      | Reached skill level 9 in Axes
  3236 | D:5      | Reached skill level 1 in Throwing
  3236 | D:5      | Reached skill level 1 in Shields
  3236 | D:5      | Reached XP level 8. HP: 49/69 MP: 7/7
  3354 | D:5      | Found Budducre's Armour Boutique.
  3543 | D:5      | Reached skill level 10 in Axes
  3607 | D:5      | Noticed Sigmund
  3621 | D:5      | Killed Sigmund
  4161 | D:6      | Found a shimmering altar of Xom.
  4206 | D:6      | Reached **** piety under Trog
  4235 | D:6      | Found Askutus's General Store.
  4461 | D:6      | Found a glowing golden altar of the Shining One.
  4701 | D:6      | Reached skill level 11 in Axes
  5094 | D:7      | Found a staircase to the Ecumenical Temple.
  5314 | D:7      | Reached XP level 9. HP: 72/74 MP: 8/8
  5342 | D:7      | Found The Oracle's Delphic Readings.
  5809 | D:8      | Reached skill level 12 in Axes
  5897 | D:8      | Reached skill level 5 in Shields
  6207 | D:8      | Identified the +0 scale mail "Penuomuu" {rF+ Will+ Int-4}
  6285 | D:8      | Found a snail-covered altar of Cheibriados.
  6309 | D:8      | Found a sacrificial altar of Ru.
  6312 | D:8      | Found an ancient bone altar of Kikubaaqudgha.
  6390 | D:8      | Reached skill level 13 in Axes
  7084 | D:9      | Reached ***** piety under Trog
  7085 | D:9      | Reached XP level 10. HP: 81/81 MP: 9/9
  7117 | D:9      | Noticed a centaur warrior
  7127 | D:9      | Reached skill level 14 in Axes
  7128 | D:9      | Noticed a centaur warrior
  7143 | D:9      | Noticed a salamander
  7144 | D:9      | Killed a centaur warrior
  7144 | D:9      | Killed a centaur warrior
  7145 | D:9      | Reached skill level 1 in Evocations
  7159 | D:9      | Noticed a deep elf pyromancer
  7159 | D:9      | HP: 4/120 [wight/+2 long sword of freezing (8)]
  7160 | D:9      | a salamander changed into a troll
  7160 | D:9      | Slain by a wight

Illustrated notes

Levels and vault maps discovered:
D:1:      amcnicky_arrival_abandoned_market, layout_basic,
          minmay_large_rounded_square
D:2:      layout_basic, hellmonk_ecumenical_altar_inner_sanctum
D:3:      layout_basic, gammafunk_temple_overflow_statue, serial_shops,
          nicolae_shop_back_alley_shop, dk_noncrumbling_4,
          kennysheep_generic_room_15
D:4:      layout_loops_ring, serial_shops, kennysheep_mini,
          serial_bayou_lagoon_b, uniq_blork_the_orc
D:5:      layout_loops_cross, serial_shops, nicolae_shop_statue_plus,
          uniq_sigmund, uniq_edmund, uniq_prince_ribbit1
D:6:      layout_layer_cave, nicolae_tso_besieged_by_evil,
          mainiacjoe_overflow_small_starburst, serial_shops, shop,
          hangedman_decor_slide_cut
D:7:      layout_basic, temple_doors_e, minmay_misc_feat_tiny,
          nicolae_nh_oracle_at_delphi
D:8:      layout_loops_ring, minmay_overflow_temple_star_quad,
          serial_bayou_ford_a
D:9:      minmay_cut_squares, layout_loops_ring,
          minmay_guarded_unrand_variability

Skill      XL: |  1  2  3  4  5  6  7  8  9 10 |
---------------+-------------------------------+-----
Fighting       | 4 5 |  5.4
Axes           | 4 5 6 7 9 11 13 14 | 14.9
Armour         | 3 4 |  4.9
Dodging        | 3 |  3.3
Throwing       | 1 2 |  2.7
Shields        | 1 4 7 8 |  8.1
Evocations     | 1 |  1.1
Stealth        | |  0.4

Action                     |  1- 3 |  4- 6 |  7- 9 | 10-12 || total
---------------------------+-------+-------+-------+-------++-------
  Melee: Hand axe          |    62 |   109 |   315 |    25 ||   511
         Headbutt          |    13 |    16 |    74 |     6 ||   109
         Punch             |     1 |       |       |       ||     1
  Throw: Boomerang         |       |       |     8 |       ||     8
 Invoke: Berserk           |       |     2 |     3 |     1 ||     6
  Evoke: Wand              |       |       |     4 |       ||     4
    Use: Scroll            |       |       |    13 |       ||    13
         Potion            |       |       |       |     3 ||     3
 Armour: Ring mail         |    17 |     7 |       |       ||    24
         Chain mail        |       |     7 |       |       ||     7
         Plate armour      |       |    24 |   119 |    23 ||   166
         Skin              |       |       |       |     1 ||     1
  Dodge: Dodged            |    43 |    35 |    58 |    20 ||   156
  Block: Kite shield       |       |       |    80 |    30 ||   110
